%YAML 1.1
%TAG !u! tag:unity3d.com,2011:
--- !u!1 &7451666294635764248
GameObject:
  m_ObjectHideFlags: 0
  m_CorrespondingSourceObject: {fileID: 0}
  m_PrefabInstance: {fileID: 0}
  m_PrefabAsset: {fileID: 0}
  serializedVersion: 6
  m_Component:
  - component: {fileID: 2730194339963097635}
  - component: {fileID: 5986295124220121874}
  - component: {fileID: 7375753193033658321}
  - component: {fileID: 1358061594127109913}
  - component: {fileID: 3201423418884655128}
  - component: {fileID: 1995831423523161628}
  m_Layer: 9
  m_Name: MathDoorMultiply
  m_TagString: Untagged
  m_Icon: {fileID: 0}
  m_NavMeshLayer: 0
  m_StaticEditorFlags: 0
  m_IsActive: 1
--- !u!4 &2730194339963097635
Transform:
  m_ObjectHideFlags: 0
  m_CorrespondingSourceObject: {fileID: 0}
  m_PrefabInstance: {fileID: 0}
  m_PrefabAsset: {fileID: 0}
  m_GameObject: {fileID: 7451666294635764248}
  m_LocalRotation: {x: 0, y: 0, z: 0, w: 1}
  m_LocalPosition: {x: -0.04, y: 0.5, z: -29.79}
  m_LocalScale: {x: 1, y: 1, z: 1}
  m_Children:
  - {fileID: 4290921604990405762}
  - {fileID: 9105893648177074247}
  - {fileID: 6529925482131807138}
  - {fileID: 748796294103972759}
  m_Father: {fileID: 0}
  m_RootOrder: 0
  m_LocalEulerAnglesHint: {x: 0, y: 0, z: 0}
--- !u!114 &5986295124220121874
MonoBehaviour:
  m_ObjectHideFlags: 0
  m_CorrespondingSourceObject: {fileID: 0}
  m_PrefabInstance: {fileID: 0}
  m_PrefabAsset: {fileID: 0}
  m_GameObject: {fileID: 7451666294635764248}
  m_Enabled: 1
  m_EditorHideFlags: 0
  m_Script: {fileID: 11500000, guid: 48a60cdc800ce084a81c373693521c05, type: 3}
  m_Name: 
  m_EditorClassIdentifier: 
  _CollusionType: 0
  _Duration: 4
  _Uses: 64786987
  EffectSign: X
  ProjectiteMaterial: {fileID: 2100000, guid: 0d722deff2eaf5844b6df3450860f0f5, type: 2}
  Text: {fileID: 5882659194714212099}
--- !u!114 &7375753193033658321
MonoBehaviour:
  m_ObjectHideFlags: 0
  m_CorrespondingSourceObject: {fileID: 0}
  m_PrefabInstance: {fileID: 0}
  m_PrefabAsset: {fileID: 0}
  m_GameObject: {fileID: 7451666294635764248}
  m_Enabled: 1
  m_EditorHideFlags: 0
  m_Script: {fileID: 11500000, guid: dca99cf89e0634a419e5138e9d7a865b, type: 3}
  m_Name: 
  m_EditorClassIdentifier: 
  _SpawnParticle: 1
  _SpawnAmount: 1
  _SpawnRange: 1
  _Use: 1000
--- !u!54 &1358061594127109913
Rigidbody:
  m_ObjectHideFlags: 0
  m_CorrespondingSourceObject: {fileID: 0}
  m_PrefabInstance: {fileID: 0}
  m_PrefabAsset: {fileID: 0}
  m_GameObject: {fileID: 7451666294635764248}
  serializedVersion: 2
  m_Mass: 1
  m_Drag: 0
  m_AngularDrag: 0.05
  m_UseGravity: 0
  m_IsKinematic: 1
  m_Interpolate: 0
  m_Constraints: 0
  m_CollisionDetection: 0
--- !u!135 &3201423418884655128
SphereCollider:
  m_ObjectHideFlags: 0
  m_CorrespondingSourceObject: {fileID: 0}
  m_PrefabInstance: {fileID: 0}
  m_PrefabAsset: {fileID: 0}
  m_GameObject: {fileID: 7451666294635764248}
  m_Material: {fileID: 0}
  m_IsTrigger: 1
  m_Enabled: 1
  serializedVersion: 2
  m_Radius: 9.911045
  m_Center: {x: 0, y: 0, z: 0}
--- !u!114 &1995831423523161628
MonoBehaviour:
  m_ObjectHideFlags: 0
  m_CorrespondingSourceObject: {fileID: 0}
  m_PrefabInstance: {fileID: 0}
  m_PrefabAsset: {fileID: 0}
  m_GameObject: {fileID: 7451666294635764248}
  m_Enabled: 1
  m_EditorHideFlags: 0
  m_Script: {fileID: 11500000, guid: 7d898e36fea6747499143acbeab073bb, type: 3}
  m_Name: 
  m_EditorClassIdentifier: 
--- !u!1 &7988942468733194972
GameObject:
  m_ObjectHideFlags: 0
  m_CorrespondingSourceObject: {fileID: 0}
  m_PrefabInstance: {fileID: 0}
  m_PrefabAsset: {fileID: 0}
  serializedVersion: 6
  m_Component:
  - component: {fileID: 6529925482131807138}
  - component: {fileID: 1808695908229296021}
  - component: {fileID: 5882659194714212099}
  m_Layer: 9
  m_Name: Text
  m_TagString: Untagged
  m_Icon: {fileID: 0}
  m_NavMeshLayer: 0
  m_StaticEditorFlags: 0
  m_IsActive: 1
--- !u!224 &6529925482131807138
RectTransform:
  m_ObjectHideFlags: 0
  m_CorrespondingSourceObject: {fileID: 0}
  m_PrefabInstance: {fileID: 0}
  m_PrefabAsset: {fileID: 0}
  m_GameObject: {fileID: 7988942468733194972}
  m_LocalRotation: {x: 0, y: 0, z: 0, w: 1}
  m_LocalPosition: {x: 0, y: 0, z: -7.076}
  m_LocalScale: {x: 1, y: 1, z: 1}
  m_Children: []
  m_Father: {fileID: 2730194339963097635}
  m_RootOrder: 2
  m_LocalEulerAnglesHint: {x: 0, y: 0, z: 0}
  m_AnchorMin: {x: 0.5, y: 0.5}
  m_AnchorMax: {x: 0.5, y: 0.5}
  m_AnchoredPosition: {x: 0, y: 6.86}
  m_SizeDelta: {x: 20, y: 5}
  m_Pivot: {x: 0.5, y: 0.5}
--- !u!23 &1808695908229296021
MeshRenderer:
  m_ObjectHideFlags: 0
  m_CorrespondingSourceObject: {fileID: 0}
  m_PrefabInstance: {fileID: 0}
  m_PrefabAsset: {fileID: 0}
  m_GameObject: {fileID: 7988942468733194972}
  m_Enabled: 1
  m_CastShadows: 0
  m_ReceiveShadows: 0
  m_DynamicOccludee: 1
  m_MotionVectors: 1
  m_LightProbeUsage: 1
  m_ReflectionProbeUsage: 1
  m_RayTracingMode: 2
  m_RayTraceProcedural: 0
  m_RenderingLayerMask: 1
  m_RendererPriority: 0
  m_Materials:
  - {fileID: -2299039584415980516, guid: 81bb34dea9773374294dfc8f0e22f2e1, type: 2}
  m_StaticBatchInfo:
    firstSubMesh: 0
    subMeshCount: 0
  m_StaticBatchRoot: {fileID: 0}
  m_ProbeAnchor: {fileID: 0}
  m_LightProbeVolumeOverride: {fileID: 0}
  m_ScaleInLightmap: 1
  m_ReceiveGI: 1
  m_PreserveUVs: 0
  m_IgnoreNormalsForChartDetection: 0
  m_ImportantGI: 0
  m_StitchLightmapSeams: 1
  m_SelectedEditorRenderState: 3
  m_MinimumChartSize: 4
  m_AutoUVMaxDistance: 0.5
  m_AutoUVMaxAngle: 89
  m_LightmapParameters: {fileID: 0}
  m_SortingLayerID: 0
  m_SortingLayer: 0
  m_SortingOrder: 0
  m_AdditionalVertexStreams: {fileID: 0}
--- !u!114 &5882659194714212099
MonoBehaviour:
  m_ObjectHideFlags: 0
  m_CorrespondingSourceObject: {fileID: 0}
  m_PrefabInstance: {fileID: 0}
  m_PrefabAsset: {fileID: 0}
  m_GameObject: {fileID: 7988942468733194972}
  m_Enabled: 1
  m_EditorHideFlags: 0
  m_Script: {fileID: 11500000, guid: 9541d86e2fd84c1d9990edf0852d74ab, type: 3}
  m_Name: 
  m_EditorClassIdentifier: 
  m_Material: {fileID: 0}
  m_Color: {r: 1, g: 1, b: 1, a: 1}
  m_RaycastTarget: 1
  m_RaycastPadding: {x: 0, y: 0, z: 0, w: 0}
  m_Maskable: 1
  m_OnCullStateChanged:
    m_PersistentCalls:
      m_Calls: []
  m_text: X2
  m_isRightToLeft: 0
  m_fontAsset: {fileID: 11400000, guid: 81bb34dea9773374294dfc8f0e22f2e1, type: 2}
  m_sharedMaterial: {fileID: -2299039584415980516, guid: 81bb34dea9773374294dfc8f0e22f2e1, type: 2}
  m_fontSharedMaterials: []
  m_fontMaterial: {fileID: 0}
  m_fontMaterials: []
  m_fontColor32:
    serializedVersion: 2
    rgba: 4294967295
  m_fontColor: {r: 1, g: 1, b: 1, a: 1}
  m_enableVertexGradient: 0
  m_colorMode: 3
  m_fontColorGradient:
    topLeft: {r: 1, g: 1, b: 1, a: 1}
    topRight: {r: 1, g: 1, b: 1, a: 1}
    bottomLeft: {r: 1, g: 1, b: 1, a: 1}
    bottomRight: {r: 1, g: 1, b: 1, a: 1}
  m_fontColorGradientPreset: {fileID: 0}
  m_spriteAsset: {fileID: 0}
  m_tintAllSprites: 0
  m_StyleSheet: {fileID: 0}
  m_TextStyleHashCode: -1183493901
  m_overrideHtmlColors: 0
  m_faceColor:
    serializedVersion: 2
    rgba: 4294967295
  m_fontSize: 55.7
  m_fontSizeBase: 36
  m_fontWeight: 400
  m_enableAutoSizing: 1
  m_fontSizeMin: 18
  m_fontSizeMax: 72
  m_fontStyle: 0
  m_HorizontalAlignment: 2
  m_VerticalAlignment: 512
  m_textAlignment: 65535
  m_characterSpacing: 0
  m_wordSpacing: 0
  m_lineSpacing: 0
  m_lineSpacingMax: 0
  m_paragraphSpacing: 0
  m_charWidthMaxAdj: 0
  m_enableWordWrapping: 1
  m_wordWrappingRatios: 0.4
  m_overflowMode: 0
  m_linkedTextComponent: {fileID: 0}
  parentLinkedComponent: {fileID: 0}
  m_enableKerning: 1
  m_enableExtraPadding: 0
  checkPaddingRequired: 0
  m_isRichText: 1
  m_parseCtrlCharacters: 1
  m_isOrthographic: 0
  m_isCullingEnabled: 0
  m_horizontalMapping: 0
  m_verticalMapping: 0
  m_uvLineOffset: 0
  m_geometrySortingOrder: 0
  m_IsTextObjectScaleStatic: 0
  m_VertexBufferAutoSizeReduction: 0
  m_useMaxVisibleDescender: 1
  m_pageToDisplay: 1
  m_margin: {x: 0, y: -1.3805933, z: 0, w: -0.5653548}
  m_isUsingLegacyAnimationComponent: 0
  m_isVolumetricText: 0
  m_hasFontAssetChanged: 0
  m_renderer: {fileID: 1808695908229296021}
  m_maskType: 0
  _SortingLayer: 0
  _SortingLayerID: 0
  _SortingOrder: 0
--- !u!1001 &1092085090404716389
PrefabInstance:
  m_ObjectHideFlags: 0
  serializedVersion: 2
  m_Modification:
    m_TransformParent: {fileID: 2730194339963097635}
    m_Modifications:
    - target: {fileID: 379322550555047154, guid: 2c1fb1214632f0049a2b04406eae3615, type: 3}
      propertyPath: m_RootOrder
      value: 3
      objectReference: {fileID: 0}
    - target: {fileID: 379322550555047154, guid: 2c1fb1214632f0049a2b04406eae3615, type: 3}
      propertyPath: m_LocalScale.x
      value: 2
      objectReference: {fileID: 0}
    - target: {fileID: 379322550555047154, guid: 2c1fb1214632f0049a2b04406eae3615, type: 3}
      propertyPath: m_LocalScale.y
      value: 2
      objectReference: {fileID: 0}
    - target: {fileID: 379322550555047154, guid: 2c1fb1214632f0049a2b04406eae3615, type: 3}
      propertyPath: m_LocalScale.z
      value: 2
      objectReference: {fileID: 0}
    - target: {fileID: 379322550555047154, guid: 2c1fb1214632f0049a2b04406eae3615, type: 3}
      propertyPath: m_LocalPosition.x
      value: 0
      objectReference: {fileID: 0}
    - target: {fileID: 379322550555047154, guid: 2c1fb1214632f0049a2b04406eae3615, type: 3}
      propertyPath: m_LocalPosition.y
      value: 0
      objectReference: {fileID: 0}
    - target: {fileID: 379322550555047154, guid: 2c1fb1214632f0049a2b04406eae3615, type: 3}
      propertyPath: m_LocalPosition.z
      value: 0
      objectReference: {fileID: 0}
    - target: {fileID: 379322550555047154, guid: 2c1fb1214632f0049a2b04406eae3615, type: 3}
      propertyPath: m_LocalRotation.w
      value: 0.7071068
      objectReference: {fileID: 0}
    - target: {fileID: 379322550555047154, guid: 2c1fb1214632f0049a2b04406eae3615, type: 3}
      propertyPath: m_LocalRotation.x
      value: -0.7071068
      objectReference: {fileID: 0}
    - target: {fileID: 379322550555047154, guid: 2c1fb1214632f0049a2b04406eae3615, type: 3}
      propertyPath: m_LocalRotation.y
      value: 0
      objectReference: {fileID: 0}
    - target: {fileID: 379322550555047154, guid: 2c1fb1214632f0049a2b04406eae3615, type: 3}
      propertyPath: m_LocalRotation.z
      value: 0
      objectReference: {fileID: 0}
    - target: {fileID: 379322550555047154, guid: 2c1fb1214632f0049a2b04406eae3615, type: 3}
      propertyPath: m_LocalEulerAnglesHint.x
      value: -90
      objectReference: {fileID: 0}
    - target: {fileID: 379322550555047154, guid: 2c1fb1214632f0049a2b04406eae3615, type: 3}
      propertyPath: m_LocalEulerAnglesHint.y
      value: 0
      objectReference: {fileID: 0}
    - target: {fileID: 379322550555047154, guid: 2c1fb1214632f0049a2b04406eae3615, type: 3}
      propertyPath: m_LocalEulerAnglesHint.z
      value: 0
      objectReference: {fileID: 0}
    - target: {fileID: 379322550555047164, guid: 2c1fb1214632f0049a2b04406eae3615, type: 3}
      propertyPath: m_ApplyActiveColorSpace
      value: 1
      objectReference: {fileID: 0}
    - target: {fileID: 379322550555047167, guid: 2c1fb1214632f0049a2b04406eae3615, type: 3}
      propertyPath: m_Name
      value: GlitterRing
      objectReference: {fileID: 0}
    m_RemovedComponents: []
  m_SourcePrefab: {fileID: 100100000, guid: 2c1fb1214632f0049a2b04406eae3615, type: 3}
--- !u!4 &748796294103972759 stripped
Transform:
  m_CorrespondingSourceObject: {fileID: 379322550555047154, guid: 2c1fb1214632f0049a2b04406eae3615, type: 3}
  m_PrefabInstance: {fileID: 1092085090404716389}
  m_PrefabAsset: {fileID: 0}
--- !u!1001 &2198012371228539749
PrefabInstance:
  m_ObjectHideFlags: 0
  serializedVersion: 2
  m_Modification:
    m_TransformParent: {fileID: 2730194339963097635}
    m_Modifications:
    - target: {fileID: 2669652629490841575, guid: 59ca97c36d9fded4f8da0b573467bad7, type: 3}
      propertyPath: m_RootOrder
      value: 0
      objectReference: {fileID: 0}
    - target: {fileID: 2669652629490841575, guid: 59ca97c36d9fded4f8da0b573467bad7, type: 3}
      propertyPath: m_LocalPosition.x
      value: 0
      objectReference: {fileID: 0}
    - target: {fileID: 2669652629490841575, guid: 59ca97c36d9fded4f8da0b573467bad7, type: 3}
      propertyPath: m_LocalPosition.y
      value: -0.4
      objectReference: {fileID: 0}
    - target: {fileID: 2669652629490841575, guid: 59ca97c36d9fded4f8da0b573467bad7, type: 3}
      propertyPath: m_LocalPosition.z
      value: 0
      objectReference: {fileID: 0}
    - target: {fileID: 2669652629490841575, guid: 59ca97c36d9fded4f8da0b573467bad7, type: 3}
      propertyPath: m_LocalRotation.w
      value: 1
      objectReference: {fileID: 0}
    - target: {fileID: 2669652629490841575, guid: 59ca97c36d9fded4f8da0b573467bad7, type: 3}
      propertyPath: m_LocalRotation.x
      value: -0
      objectReference: {fileID: 0}
    - target: {fileID: 2669652629490841575, guid: 59ca97c36d9fded4f8da0b573467bad7, type: 3}
      propertyPath: m_LocalRotation.y
      value: -0
      objectReference: {fileID: 0}
    - target: {fileID: 2669652629490841575, guid: 59ca97c36d9fded4f8da0b573467bad7, type: 3}
      propertyPath: m_LocalRotation.z
      value: -0
      objectReference: {fileID: 0}
    - target: {fileID: 2669652629490841575, guid: 59ca97c36d9fded4f8da0b573467bad7, type: 3}
      propertyPath: m_LocalEulerAnglesHint.x
      value: 0
      objectReference: {fileID: 0}
    - target: {fileID: 2669652629490841575, guid: 59ca97c36d9fded4f8da0b573467bad7, type: 3}
      propertyPath: m_LocalEulerAnglesHint.y
      value: 0
      objectReference: {fileID: 0}
    - target: {fileID: 2669652629490841575, guid: 59ca97c36d9fded4f8da0b573467bad7, type: 3}
      propertyPath: m_LocalEulerAnglesHint.z
      value: 0
      objectReference: {fileID: 0}
    - target: {fileID: 2913211436079757831, guid: 59ca97c36d9fded4f8da0b573467bad7, type: 3}
      propertyPath: m_Layer
      value: 9
      objectReference: {fileID: 0}
    - target: {fileID: 2913211436079757831, guid: 59ca97c36d9fded4f8da0b573467bad7, type: 3}
      propertyPath: m_IsActive
      value: 1
      objectReference: {fileID: 0}
    - target: {fileID: 3334724486419017053, guid: 59ca97c36d9fded4f8da0b573467bad7, type: 3}
      propertyPath: m_Name
      value: Explode_Blue
      objectReference: {fileID: 0}
    - target: {fileID: 3334724486419017053, guid: 59ca97c36d9fded4f8da0b573467bad7, type: 3}
      propertyPath: m_Layer
      value: 9
      objectReference: {fileID: 0}
    - target: {fileID: 3334724486419017053, guid: 59ca97c36d9fded4f8da0b573467bad7, type: 3}
      propertyPath: m_IsActive
      value: 1
      objectReference: {fileID: 0}
    - target: {fileID: 8584915680477525612, guid: 59ca97c36d9fded4f8da0b573467bad7, type: 3}
      propertyPath: m_Layer
      value: 9
      objectReference: {fileID: 0}
    - target: {fileID: 8584915680477525612, guid: 59ca97c36d9fded4f8da0b573467bad7, type: 3}
      propertyPath: m_IsActive
      value: 1
      objectReference: {fileID: 0}
    m_RemovedComponents: []
  m_SourcePrefab: {fileID: 100100000, guid: 59ca97c36d9fded4f8da0b573467bad7, type: 3}
--- !u!4 &4290921604990405762 stripped
Transform:
  m_CorrespondingSourceObject: {fileID: 2669652629490841575, guid: 59ca97c36d9fded4f8da0b573467bad7, type: 3}
  m_PrefabInstance: {fileID: 2198012371228539749}
  m_PrefabAsset: {fileID: 0}
--- !u!1001 &8137776075178793086
PrefabInstance:
  m_ObjectHideFlags: 0
  serializedVersion: 2
  m_Modification:
    m_TransformParent: {fileID: 2730194339963097635}
    m_Modifications:
    - target: {fileID: 1058788183881336889, guid: fb578ace4218b4343b1367ccffc0965d, type: 3}
      propertyPath: m_RootOrder
      value: 1
      objectReference: {fileID: 0}
    - target: {fileID: 1058788183881336889, guid: fb578ace4218b4343b1367ccffc0965d, type: 3}
      propertyPath: m_LocalPosition.x
      value: 0
      objectReference: {fileID: 0}
    - target: {fileID: 1058788183881336889, guid: fb578ace4218b4343b1367ccffc0965d, type: 3}
      propertyPath: m_LocalPosition.y
      value: -0.4
      objectReference: {fileID: 0}
    - target: {fileID: 1058788183881336889, guid: fb578ace4218b4343b1367ccffc0965d, type: 3}
      propertyPath: m_LocalPosition.z
      value: 0
      objectReference: {fileID: 0}
    - target: {fileID: 1058788183881336889, guid: fb578ace4218b4343b1367ccffc0965d, type: 3}
      propertyPath: m_LocalRotation.w
      value: 1
      objectReference: {fileID: 0}
    - target: {fileID: 1058788183881336889, guid: fb578ace4218b4343b1367ccffc0965d, type: 3}
      propertyPath: m_LocalRotation.x
      value: 0
      objectReference: {fileID: 0}
    - target: {fileID: 1058788183881336889, guid: fb578ace4218b4343b1367ccffc0965d, type: 3}
      propertyPath: m_LocalRotation.y
      value: 0
      objectReference: {fileID: 0}
    - target: {fileID: 1058788183881336889, guid: fb578ace4218b4343b1367ccffc0965d, type: 3}
      propertyPath: m_LocalRotation.z
      value: 0
      objectReference: {fileID: 0}
    - target: {fileID: 1058788183881336889, guid: fb578ace4218b4343b1367ccffc0965d, type: 3}
      propertyPath: m_LocalEulerAnglesHint.x
      value: 0
      objectReference: {fileID: 0}
    - target: {fileID: 1058788183881336889, guid: fb578ace4218b4343b1367ccffc0965d, type: 3}
      propertyPath: m_LocalEulerAnglesHint.y
      value: 0
      objectReference: {fileID: 0}
    - target: {fileID: 1058788183881336889, guid: fb578ace4218b4343b1367ccffc0965d, type: 3}
      propertyPath: m_LocalEulerAnglesHint.z
      value: 0
      objectReference: {fileID: 0}
    - target: {fileID: 1360020407621387977, guid: fb578ace4218b4343b1367ccffc0965d, type: 3}
      propertyPath: m_Name
      value: Explode_Red
      objectReference: {fileID: 0}
    - target: {fileID: 1360020407621387977, guid: fb578ace4218b4343b1367ccffc0965d, type: 3}
      propertyPath: m_Layer
      value: 9
      objectReference: {fileID: 0}
    - target: {fileID: 1360020407621387977, guid: fb578ace4218b4343b1367ccffc0965d, type: 3}
      propertyPath: m_IsActive
      value: 0
      objectReference: {fileID: 0}
    - target: {fileID: 2301759849996744657, guid: fb578ace4218b4343b1367ccffc0965d, type: 3}
      propertyPath: m_Layer
      value: 9
      objectReference: {fileID: 0}
    - target: {fileID: 3749551686807643490, guid: fb578ace4218b4343b1367ccffc0965d, type: 3}
      propertyPath: m_Layer
      value: 9
      objectReference: {fileID: 0}
    m_RemovedComponents: []
  m_SourcePrefab: {fileID: 100100000, guid: fb578ace4218b4343b1367ccffc0965d, type: 3}
--- !u!4 &9105893648177074247 stripped
Transform:
  m_CorrespondingSourceObject: {fileID: 1058788183881336889, guid: fb578ace4218b4343b1367ccffc0965d, type: 3}
  m_PrefabInstance: {fileID: 8137776075178793086}
  m_PrefabAsset: {fileID: 0}
